SNL (28 & UNDER)
WEST VIRGINIA POWER @ GAINESVILLE GUIDOS
07/27/2023
 
TOP OF THE 1ST
West Virginia Power batting - Pitching for Gainesville Guidos : RHP Dave Riley
Pitching: RHP Dave Riley
Batting: LHB Ryan Drake 0-0: Foul Ball, location: 2F
0-1: Ball
1-1: Ball
2-1: Called Strike
2-2: Ball
3-2: Base on Balls
Batting: RHB Valentín Borges 0-0: Ground out 3-1 (Groundball, 34)
Ryan Drake to second
Batting: RHB Will Lott 0-0: Foul Ball, location: 2F
0-1: Ball
1-1: Ball
2-1: Fly out, F4 (Popup, 4M)
Batting: RHB Doug Stephens 0-0: Ball
1-0: Swinging Strike
1-1: Fly out, F4 (Popup, 4MD)
Top of the 1st over - 0 run(s), 0 hit(s), 0 error(s), 1 left on base; West Virginia 0 - Gainesville 0
BOTTOM OF THE 1ST
Gainesville Guidos batting - Pitching for West Virginia Power : RHP Ramiro Fernández
Pitching: RHP Ramiro Fernández
Batting: SHB Reynaldo Gallegos 0-0: Ball
1-0: Swinging Strike
1-1: Ball
2-1: Ball
3-1: Base on Balls
Batting: RHB Victor Andrews 0-0: Called Strike
0-1: Foul Ball, location: 2F
0-2: Ball
1-2: Strikes out looking
Batting: LHB David Murphy 0-0: Called Strike
0-1: Ball
1-1: Called Strike
1-2: Foul Ball, location: 2F
1-2: Grounds into double play, 4-6-3 (Groundball, 4)
Bottom of the 1st over - 0 run(s), 0 hit(s), 0 error(s), 0 left on base; West Virginia 0 - Gainesville 0
TOP OF THE 2ND
West Virginia Power batting - Pitching for Gainesville Guidos : RHP Dave Riley
Batting: RHB Eric Johnson 0-0: Ball
1-0: Ball
2-0: Called Strike
2-1: Foul Ball, location: 2F
2-2: Foul Ball, location: 2F
2-2: Strikes out swinging
Batting: RHB Raúl Torres 0-0: Foul Ball, location: 2F
0-1: Called Strike
0-2: Foul Ball, location: 2F
0-2: Strikes out swinging
Batting: LHB Ernie Jackson 0-0: Called Strike
0-1: Ball
1-1: Called Strike
1-2: Strikes out looking
Top of the 2nd over - 0 run(s), 0 hit(s), 0 error(s), 0 left on base; West Virginia 0 - Gainesville 0
BOTTOM OF THE 2ND
Gainesville Guidos batting - Pitching for West Virginia Power : RHP Ramiro Fernández
Batting: RHB José Fernández 0-0: Swinging Strike
0-1: Ball
1-1: Foul Ball, location: 2F
1-2: Foul Ball, location: 2F
1-2: Ball
2-2: SOLO HOME RUN (Flyball, 7LD), Distance : 340 ft
Batting: LHB Ed Hart 0-0: Called Strike
0-1: Foul Ball, location: 2F
0-2: Ball
1-2: Ball
2-2: Ball
3-2: Base on Balls
Batting: RHB Jason Saunders 0-0: Fly out, F7 (Flyball, 78M)
Batting: RHB Noriyori Ine 0-0: Called Strike
0-1: Ball
1-1: SINGLE (Flyball, 9LM)
Ed Hart to second
Batting: RHB Pedro Mata 0-0: Ball
1-0: Ball
2-0: Ball
3-0: Called Strike
3-1: Called Strike
3-2: Foul Ball, location: 2F
3-2: Strikes out looking
Batting: RHB Iván Moreno 0-0: Ball
1-0: Ball
2-0: Fly out, F8 (Flyball, 8LM)
Bottom of the 2nd over - 1 run(s), 2 hit(s), 0 error(s), 2 left on base; West Virginia 0 - Gainesville 1
TOP OF THE 3RD
West Virginia Power batting - Pitching for Gainesville Guidos : RHP Dave Riley
Batting: LHB Luis Pérez 0-0: Bunt missed!
0-1: Foul Ball, location: 2F
0-2: Ball
1-2: Ball
2-2: Ball
3-2: SINGLE (Line Drive, 78S)
Batting: RHB Jorge Ramírez 0-0: Fly out, F9 (Flyball, 9S)
Batting: LHB Ryan Drake 0-0: Ball
1-0: Ball
2-0: Foul Ball, location: 2F
2-1: SINGLE (Groundball, 4M)
Luis Pérez to second
Batting: RHB Valentín Borges 0-0: Foul Ball, location: 2F
0-1: Fly out, F8 (Flyball, 8RM)
Batting: RHB Will Lott 0-0: Ball
1-0: Called Strike
1-1: Ball
2-1: Foul Ball, location: 2F
2-2: Strikes out swinging
Top of the 3rd over - 0 run(s), 2 hit(s), 0 error(s), 2 left on base; West Virginia 0 - Gainesville 1
BOTTOM OF THE 3RD
Gainesville Guidos batting - Pitching for West Virginia Power : RHP Ramiro Fernández
Batting: SHB Reynaldo Gallegos 0-0: SINGLE (Groundball, 4MD)
Batting: RHB Victor Andrews 0-0: Ball
Reynaldo Gallegos steals 2nd base
1-0: Foul Ball, location: 2F
1-1: SINGLE (Groundball, 56D)
Reynaldo Gallegos to third
Runner from 3rd tries for Home, SAFE, no throw or cutoff
Batting: LHB David Murphy 0-0: Ball
1-0: Ball
2-0: Foul Ball, location: 2F
2-1: Fly out, F6 (Popup, 5D)
Batting: RHB José Fernández 0-0: Ball
1-0: Ball
2-0: Ball
3-0: Base on Balls
Victor Andrews to second
Batting: LHB Ed Hart 0-0: Called Strike
0-1: Ball
1-1: Grounds into double play, 1-6-3 (Groundball, 25)
Bottom of the 3rd over - 1 run(s), 2 hit(s), 0 error(s), 1 left on base; West Virginia 0 - Gainesville 2
TOP OF THE 4TH
West Virginia Power batting - Pitching for Gainesville Guidos : RHP Dave Riley
Batting: RHB Doug Stephens 0-0: Called Strike
0-1: Called Strike
0-2: Ball
1-2: Foul Ball, location: 2F
1-2: Foul Ball, location: 2F
1-2: SINGLE (Groundball, 56)
Batting: RHB Eric Johnson 0-0: Foul Ball, location: 2F
0-1: Foul Ball, location: 2F
0-2: Ball
1-2: Fielders Choice at 2nd, 6-4 (Groundball, 6M)
Batting: RHB Raúl Torres 0-0: Ball
1-0: Foul Ball, location: 2F
1-1: Ball
2-1: SINGLE (Groundball, 6MD)
Eric Johnson to second
Batting: LHB Ernie Jackson 0-0: Called Strike
0-1: Ball
1-1: Foul Ball, location: 2F
1-2: Strikes out swinging
Batting: LHB Luis Pérez 0-0: Called Strike
0-1: Ball
1-1: Called Strike
1-2: Foul Ball, location: 2F
1-2: Foul Ball, location: 2F
1-2: Ball
2-2: Ball
3-2: Base on Balls
Eric Johnson to third
Raúl Torres to second
Batting: RHB Jorge Ramírez 0-0: Called Strike
0-1: Ball
1-1: Foul Ball, location: 2F
1-2: SINGLE (Line Drive, 4MD)
Eric Johnson scores
Raúl Torres to third
Luis Pérez to second
Runner from 3rd tries for Home, SAFE, no throw or cutoff
Batting: LHB Ryan Drake 0-0: SINGLE (Groundball, 34D)
Luis Pérez to third
Jorge Ramírez to second
Runner from 3rd tries for Home, SAFE, no throw or cutoff
Batting: RHB Valentín Borges 0-0: Ball
1-0: Ground out 5-3 (Groundball, 56)
Top of the 4th over - 3 run(s), 4 hit(s), 0 error(s), 2 left on base; West Virginia 3 - Gainesville 2
BOTTOM OF THE 4TH
Gainesville Guidos batting - Pitching for West Virginia Power : RHP Ramiro Fernández
Batting: RHB Jason Saunders 0-0: Fly out, F9 (Popup, 34D)
Batting: RHB Noriyori Ine 0-0: Called Strike
0-1: Ball
1-1: Ball
2-1: Swinging Strike
2-2: Foul Ball, location: 2F
2-2: Strikes out looking
Batting: RHB Pedro Mata 0-0: Called Strike
0-1: Swinging Strike
0-2: Strikes out looking
Bottom of the 4th over - 0 run(s), 0 hit(s), 0 error(s), 0 left on base; West Virginia 3 - Gainesville 2
TOP OF THE 5TH
West Virginia Power batting - Pitching for Gainesville Guidos : RHP Dave Riley
Batting: RHB Will Lott 0-0: Ball
1-0: Called Strike
1-1: Swinging Strike
1-2: Strikes out looking
Batting: RHB Doug Stephens 0-0: Ball
1-0: Called Strike
1-1: Swinging Strike
1-2: Ball
2-2: Strikes out swinging
Batting: RHB Eric Johnson 0-0: Swinging Strike
0-1: Ball
1-1: Foul Ball, location: 2F
1-2: Ball
2-2: Ball
3-2: Base on Balls
Pitching: LHP Mike Scott
Batting: RHB Raúl Torres 0-0: Ball
1-0: Ground out 6-3 (Groundball, 6)
Top of the 5th over - 0 run(s), 0 hit(s), 0 error(s), 1 left on base; West Virginia 3 - Gainesville 2
BOTTOM OF THE 5TH
Gainesville Guidos batting - Pitching for West Virginia Power : RHP Ramiro Fernández
Batting: RHB Iván Moreno 0-0: Ball
1-0: SINGLE (Popup, 6MD)
Batting: SHB Reynaldo Gallegos 0-0: Ball
1-0: Ball
2-0: SINGLE (Flyball, 7S)
Iván Moreno to second
Batting: RHB Victor Andrews 0-0: Called Strike
0-1: SINGLE (Line Drive, 6D)
Iván Moreno to third
Reynaldo Gallegos to second
Batting: LHB David Murphy 0-0: Fly out, F7 (Flyball, 7LM)
Runner from 3rd tags up, SCORES, no throw
Batting: RHB José Fernández 0-0: Ball
Reynaldo Gallegos steals 3rd base
Victor Andrews to second
1-0: 3-RUN HOME RUN (Line Drive, 7D), Distance : 384 ft
Pitching: RHP Juan Herrera
Batting: LHB Ed Hart 0-0: Ball
1-0: Ball
2-0: Called Strike
2-1: Ball
3-1: Ground out 4-3 (Groundball, 34)
Batting: RHB Jason Saunders 0-0: Swinging Strike
0-1: Called Strike
0-2: Ground out 5-3 (Groundball, 5S)
Bottom of the 5th over - 4 run(s), 4 hit(s), 0 error(s), 0 left on base; West Virginia 3 - Gainesville 6
TOP OF THE 6TH
West Virginia Power batting - Pitching for Gainesville Guidos : LHP Mike Scott
Batting: LHB Ernie Jackson 0-0: Ball
1-0: Foul Ball, location: 2F
1-1: Swinging Strike
1-2: Strikes out looking
Batting: LHB Luis Pérez 0-0: Swinging Strike
0-1: Swinging Strike
0-2: Ball
1-2: Ball
2-2: Ground out 6-3 (Groundball, 56)
Batting: RHB Jorge Ramírez 0-0: Foul Ball, location: 2F
0-1: Ball
1-1: Ball
2-1: Foul Ball, location: 2F
2-2: Ground out 4-3 (Groundball, 4M)
Top of the 6th over - 0 run(s), 0 hit(s), 0 error(s), 0 left on base; West Virginia 3 - Gainesville 6
BOTTOM OF THE 6TH
Gainesville Guidos batting - Pitching for West Virginia Power : RHP Juan Herrera
Batting: RHB Noriyori Ine 0-0: Ball
1-0: Ball
2-0: Ball
3-0: Called Strike
3-1: Fly out, F3 (Popup, 13S)
Batting: RHB Pedro Mata 0-0: Ground out 6-3 (Groundball, 6)
Batting: RHB Iván Moreno 0-0: Called Strike
0-1: Called Strike
0-2: Strikes out looking
Bottom of the 6th over - 0 run(s), 0 hit(s), 0 error(s), 0 left on base; West Virginia 3 - Gainesville 6
TOP OF THE 7TH
West Virginia Power batting - Pitching for Gainesville Guidos : LHP Mike Scott
Batting: LHB Ryan Drake 0-0: Ground out 3-1 (Groundball, 34)
Batting: RHB Valentín Borges 0-0: Ball
1-0: Swinging Strike
1-1: Called Strike
1-2: Strikes out looking
Batting: RHB Will Lott 0-0: Called Strike
0-1: DOUBLE (Line Drive, 5L)
Batting: RHB Doug Stephens 0-0: Ball
1-0: Ball
2-0: Fly out, F7 (Line Drive, 7M)
Top of the 7th over - 0 run(s), 1 hit(s), 0 error(s), 1 left on base; West Virginia 3 - Gainesville 6
BOTTOM OF THE 7TH
Gainesville Guidos batting - Pitching for West Virginia Power : RHP Juan Herrera
Batting: SHB Reynaldo Gallegos 0-0: Ground out 3-1 (Groundball, 34S)
Pitching: RHP Howard Baker
Batting: RHB Victor Andrews 0-0: Ball
1-0: Called Strike
1-1: Foul Ball, location: 2F
1-2: Ground out 4-3 (Groundball, 34)
Batting: LHB David Murphy 0-0: SINGLE (Groundball, 34)
Batting: RHB José Fernández 0-0: Ball
1-0: Ball
2-0: Ball
3-0: Base on Balls
David Murphy to second
Batting: LHB Ed Hart 0-0: Foul Ball, location: 2F
0-1: Swinging Strike
0-2: Ball
1-2: Ball
2-2: Foul Ball, location: 2F
2-2: Ball
3-2: Foul Ball, location: 2F
3-2: Strikes out looking
Bottom of the 7th over - 0 run(s), 1 hit(s), 0 error(s), 2 left on base; West Virginia 3 - Gainesville 6
TOP OF THE 8TH
West Virginia Power batting - Pitching for Gainesville Guidos : LHP Mike Scott
Pitching: RHP Lance Sanders
Now at 1B: Marcos Villarreal
Now at 2B: José Ortega
Batting: RHB Eric Johnson 0-0: Called Strike
0-1: Foul Ball, location: 2F
0-2: Ball
1-2: Strikes out swinging
Batting: RHB Raúl Torres 0-0: Swinging Strike
0-1: Fly out, F6 (Popup, 56D)
Batting: LHB Ernie Jackson 0-0: Ball
1-0: Swinging Strike
1-1: Ball
2-1: Foul Ball, location: 2F
2-2: Ball
3-2: Ground out U3 (Groundball, 3)
Top of the 8th over - 0 run(s), 0 hit(s), 0 error(s), 0 left on base; West Virginia 3 - Gainesville 6
BOTTOM OF THE 8TH
Gainesville Guidos batting - Pitching for West Virginia Power : RHP Howard Baker
Batting: RHB Jason Saunders 0-0: Foul Ball, location: 2F
0-1: Ball
1-1: Swinging Strike
1-2: Fly out, F7 (Flyball, 8LS)
Batting: RHB Noriyori Ine 0-0: Called Strike
0-1: Called Strike
0-2: Ball
1-2: Ground out 5-3 (Groundball, 5)
Batting: RHB Pedro Mata 0-0: Foul Ball, location: 2F
0-1: Ball
1-1: SINGLE (Groundball, 6MD)
Batting: RHB Iván Moreno 0-0: SINGLE (Groundball, 6M) (infield hit)
Pedro Mata to second
Batting: SHB Reynaldo Gallegos 0-0: Swinging Strike
0-1: Ball
1-1: Ball
2-1: Swinging Strike
2-2: Strikes out swinging
Bottom of the 8th over - 0 run(s), 2 hit(s), 0 error(s), 2 left on base; West Virginia 3 - Gainesville 6
TOP OF THE 9TH
West Virginia Power batting - Pitching for Gainesville Guidos : RHP Lance Sanders
Pitching: LHP Luis López
Now at 3B: Fernando Mendoza
Now in RF: António Hernández
Batting: LHB Luis Pérez 0-0: Ball
1-0: Foul Ball, location: 2F
1-1: Swinging Strike
1-2: Strikes out swinging
Batting: RHB Jorge Ramírez 0-0: Ball
1-0: Ball
2-0: Called Strike
2-1: Foul Ball, location: 2F
2-2: Ball
3-2: SINGLE (Line Drive, 7S)
Batting: LHB Ryan Drake 0-0: Ball
1-0: DOUBLE (Groundball, 3L)
Jorge Ramírez to third
Pinch Hitting: RHB Cristián Herrera 0-0: Ball
1-0: Ball
2-0: DOUBLE (Groundball, 5L)
Jorge Ramírez scores
Ryan Drake scores
Batting: RHB Will Lott 0-0: Ball
1-0: Called Strike
1-1: DOUBLE (Flyball, 78M)
Cristián Herrera scores
Batting: RHB Doug Stephens 0-0: Ball
1-0: SINGLE (Line Drive, 56)
Will Lott to third
Runner from 3rd tries for Home, SAFE, no throw or cutoff
Pitching: RHP Juan Patino
Batting: RHB Eric Johnson 0-0: Ball
1-0: Swinging Strike
1-1: Fly out, F7 (Flyball, 78XD)
Pinch Hitting: RHB Alfonso Huertas 0-0: Ball
1-0: Called Strike
1-1: Ball
2-1: Foul Ball, location: 2F
2-2: Foul Ball, location: 2F
2-2: Ball
3-2: Fly out, F6 (Popup, 7S)
Top of the 9th over - 4 run(s), 5 hit(s), 0 error(s), 1 left on base; West Virginia 7 - Gainesville 6
BOTTOM OF THE 9TH
Gainesville Guidos batting - Pitching for West Virginia Power : RHP Howard Baker
Pitching: RHP Raúl Ruíz
Now at C: Héctor Cruz
Now in LF: Alfonso Huertas
Batting: RHB Victor Andrews 0-0: Foul Ball, location: 2F
0-1: Called Strike
0-2: SINGLE (Groundball, 56)
Pinch Runner at 1st Adrian Prouse:
Batting: LHB David Murphy 0-0: Called Strike
0-1: Ball
1-1: Foul Ball, location: 2F
1-2: Foul Ball, location: 2F
1-2: Ball
2-2: Strikes out looking
Batting: LHB Marcos Villarreal 0-0: Ball
1-0: Called Strike
1-1: Ball
2-1: Called Strike
2-2: Foul Ball, location: 2F
2-2: Ball
3-2: Foul Ball, location: 2F
3-2: Strikes out looking
Pinch Hitting: RHB Satoru Daikawa 0-0: SINGLE (Flyball, 78S)
Adrian Prouse to second
Batting: RHB Jason Saunders 0-0: Called Strike
0-1: Ball
1-1: Ground out 6-3 (Groundball, 6)
Bottom of the 9th over - 0 run(s), 2 hit(s), 0 error(s), 2 left on base; West Virginia 7 - Gainesville 6
This league is powered by Out of the Park Baseball, the baseball management simulation game for PC, Mac and Linux
Wednesday, December 2nd, 2015 - OOTP Baseball 16.8 Build 38